 Dungeon Crawl Stone Soup version 0.20-a0-71-g11d6418 (webtiles) character file.

502 KristoblXynda the Chucker (level 6, 0/48 HPs)
             Began as a Draconian Hunter on Nov 18, 2016.
             Succumbed to a scorpion's poison
             ... on level 3 of the Dungeon.
             The game lasted 00:07:44 (3420 turns).

KristoblXynda the Chucker (Draconian Hunter)        Turns: 3420, Time: 00:07:45

Health: 0/48       AC:  6    Str: 15      XL:     6   Next: 95%
Magic:  6/6        EV: 14    Int: 13      God:
Gold:   150        SH:  0    Dex: 16 (17) Spells: 0 memorised, 5 levels left

rFire  . . .     SeeInvis .     f - +0 spear
rCold  . . .     Gourm    .     (armour unavailable)
rNeg   . . .     Faith    .     (no shield)
rPois  .         Spirit   .     m - +0 hat
rElec  .         Reflect  .     (no cloak)
rCorr  .         Harm     .     (no gloves)
MR     .....                    (no boots)
Stlth  +++.......               (no amulet)
                                q - +4 ring of dexterity
                                g - +2 ring of dexterity

@: lethally poisoned (0 -> -2)
A: unfitting armour, blurry vision 1, deterioration 1, wild magic 1,
cold-blooded, AC +6
a: no special abilities


You were on level 3 of the Dungeon.
You were completely stuffed.

You visited 1 branch of the dungeon, and saw 3 of its levels.

You collected 150 gold pieces.

Inventory:

Hand Weapons
 f - a +0 spear (weapon)
Missiles
 a - 8 javelins of penetration (quivered)
 c - 2 throwing nets
Armour
 m - a +0 hat (worn)
Jewellery
 g - a +2 ring of dexterity (left hand)
 q - a +4 ring of dexterity (right hand)
Scrolls
 b - a scroll of enchant armour {unknown}
 e - a scroll of amnesia
 j - 2 scrolls of remove curse
 l - a scroll of recharging {unknown}
 r - a scroll of immolation {unknown}
Potions
 i - a potion of brilliance
 n - a potion of resistance
 p - a potion of flight
Comestibles
 d - 2 bread rations


   Skills:
 - Level 2.1 Fighting
 + Level 1.1 Polearms
 + Level 5.1 Throwing
 + Level 4.2 Dodging
 + Level 3.9 Stealth


You had 5 spell levels left.
You didn't know any spells.

Dungeon Overview and Level Annotations

Branches:
Dungeon (3/15)

Altars:
Dithmenos


Innate Abilities, Weirdness & Mutations

Your plain brown scales are hard. (AC +6)
You cannot fit into any form of body armour.
You are cold-blooded and may be slowed by cold attacks.
Scrolls take you a little longer to read.
Your body sometimes deteriorates upon taking damage.
Your spells are a little harder to cast, but a little more powerful.


Message History

You feel sick.
* * * LOW HITPOINT WARNING * * *
You feel sick.
* * * LOW HITPOINT WARNING * * *
You feel sick.
* * * LOW HITPOINT WARNING * * *
You feel sick.
* * * LOW HITPOINT WARNING * * *
You feel sick.
You start eating the meat ration.
You continue eating.
* * * LOW HITPOINT WARNING * * *
You feel sick.
You continue eating.
You finish eating.
That meat ration really hit the spot!
Unknown command.
* * * LOW HITPOINT WARNING * * *
You feel sick.
Unknown command.
You die...

.....# ....##
...## ##########
#########
.........#
#....)..#
.........#
#.##.####
...(.....# ##.##.#
.........###.(##.#
.........##..###@#
............## #.#
############# #.#
##(# .# ##..# ...#
####..## ....
#......# ....
#..†....# ....
#.........#


There were no monsters in sight!

Vanquished Creatures
  The ghost of KristoblXynda the Sneak, an amateur NaHu of Ashenzari (D:3)
  A scorpion (D:3)
  A centaur zombie (D:3)
  2 hounds (D:2)
  A gnoll (D:2)
  4 adders
  An ooze (D:2)
  An adder skeleton (D:3)
  3 worms (D:2)
  2 dart slugs
  2 leopard geckos
  6 orcs
  3 ball pythons (D:2)
  6 bats
  4 giant cockroaches
  10 goblins
  11 hobgoblins
  9 kobolds
  A quokka (D:3)
  5 frilled lizards
  A giant cockroach zombie (D:3)
  2 leopard gecko zombies (D:3)
  2 rats
79 creatures vanquished.

Notes
Turn   | Place    | Note
-------+----------+-------------------------------------------
     0 | D:1      | KristoblXynda the Draconian Hunter began the quest for the Orb.
     0 | D:1      | Reached XP level 1. HP: 17/17 MP: 1/1
   126 | D:1      | Reached skill level 1 in Stealth
   357 | D:1      | Reached XP level 2. HP: 19/24 MP: 2/2
  1208 | D:2      | Reached XP level 3. HP: 24/29 MP: 3/3
  1649 | D:2      | Found a shadowy altar of Dithmenos.
  1712 | D:2      | Reached skill level 4 in Throwing
  1758 | D:2      | Reached XP level 4. HP: 17/36 MP: 4/4
  2206 | D:2      | Reached XP level 5. HP: 26/41 MP: 5/5
  2226 | D:2      | Gained mutation: Scrolls take you a little longer to read. [potion of mutation]
  2226 | D:2      | Gained mutation: Your body sometimes deteriorates upon taking damage. [potion of mutation]
  2226 | D:2      | Gained mutation: Your spells are a little harder to cast, but a little more powerful. [potion of mutation]
  2657 | D:3      | Noticed KristoblXynda's ghost (amateur NaHu)
  2678 | D:3      | Killed KristoblXynda's ghost
  2678 | D:3      | Reached skill level 5 in Throwing
  2678 | D:3      | Reached XP level 6. HP: 4/48 MP: 6/6
  3392 | D:3      | Reached skill level 1 in Polearms
  3412 | D:3      | HP: 2/48 [poisoned by a scorpion]
  3417 | D:3      | HP: 1/48 [poisoned by a scorpion]
  3420 | D:3      | Succumbed to a scorpion's poison

Vault maps used:
D:1:      arrival_zaba_pyramid, grunt_decor_mini_mirrors, minmay_parallelograms,
          kennysheep_nondescript, corexii_corridor_pit
D:2:      nicolae_dithmenos_shadow_blocks, grunt_decor_cap, cheibrodos_gnoll_hut
D:3:      first_bread, serial_undead, serial_undead_f, serial_undead_a,
          serial_undead_a, serial_undead_a

Skill      XL: |  1  2  3  4  5  6 |
---------------+-------------------+-----
Dodging        | 2 3 4 |  4.2
Stealth        | 1 2 3 |  3.9
Throwing       | 4 5 |  5.1
Polearms       | 1 |  1.1
Fighting       | |  2.1

Action                   |  1- 3 |  4- 6 || total
-------------------------+-------+-------++-------
Melee: Short sword       |    86 |       ||    86
       Tailslap          |    16 |    25 ||    41
       Flail             |    57 |    47 ||   104
       Spear             |       |   109 ||   109
Throw: Javelin           |     7 |    23 ||    30
  Use: Scroll            |       |     6 ||     6
       Potion            |       |     7 ||     7
 Stab: Sleeping          |     4 |     2 ||     6
  Eat: Chunk             |     3 |     2 ||     5
       Pizza             |       |     1 ||     1
       Beef jerky        |       |     1 ||     1
       Meat ration       |       |     2 ||     2
Armor: Skin              |    60 |    63 ||   123
Dodge: Dodged            |   107 |   127 ||   234
